 Dungeon Crawl Stone Soup version 0.26-a0-670-g578ab304f5 (webtiles) character file.

Game seed: 2886457332209710293

(classic levelgen) 0 EnegeticOcto the Digger (level 1, -2/11 HPs)
             Began as a Halfling Earth Elementalist on Oct 19, 2020.
             Slain by a gnoll (6 damage)
             ... on level 2 of the Dungeon.
             The game lasted 00:00:41 (103 turns).

EnegeticOcto the Digger (HaEE)                       Turns: 103, Time: 00:00:42

Health: -2/11      AC:  2    Str:  9    XL:     1   Next: 11%
Magic:  1/3        EV: 15    Int: 13    God:
Gold:   11         SH:  0    Dex: 14    Spells: 2/3 levels left

rFire    . . .     SeeInvis .   (weapon restricted)
rCold    . . .     Faith    .   (shield restricted)
rNeg     . . .     Spirit   .   c - +0 robe
rPois    .         Reflect  .   (no helmet)
rElec    .         Harm     .   (no cloak)
rCorr    .         Rampage  .   (no gloves)
MR       .....                  (no boots)
Stlth    ++........             (no amulet)
HPRegen  0.03/turn              (no ring)
MPRegen  0.08/turn              (no ring)

@: no status effects
A: small, mutation resistance 1
a: no special abilities


You were on level 2 of the Dungeon.
You visited 1 branch of the dungeon, and saw 2 of its levels.

You collected 11 gold pieces.

Inventory:

Missiles
 b - 36 stones (quivered)
 e - 9 poisoned darts
Armour
 c - a +0 robe (worn)
Scrolls
 d - a scroll of teleportation {unknown}
Potions
 a - 2 potions of curing {unknown}


   Skills:
 - Level 2.1 Dodging
 - Level 2.1 Stealth
 - Level 1.5 Spellcasting
   Level 0.5 Transmutations
 + Level 3.0 Earth Magic


You had 2 spell levels left.
You knew the following spells:

 Your Spells              Type           Power        Failure   Level
a - Sandblast             Erth           #.....       8%          1

Your spell library contained the following spells:

 Spells                   Type           Power        Failure   Level
 Passwall                 Tmut/Erth      #.......     19%         2
 Stone Arrow              Conj/Erth      #.....       41%         3
 Petrify                  Tmut/Erth      #.......     77%         4
 Lee's Rapid Deconstruct  Erth           #.........   91%         5


Dungeon Overview and Level Annotations

Branches:
Dungeon (2/15)

Altars:
Cheibriados


Innate Abilities, Weirdness & Mutations

You are small and have problems with some larger weapons.
You are somewhat resistant to further mutation.


Message History

Welcome, EnegeticOcto the Halfling Earth Elementalist.
Will you be the one to retrieve the awesome Orb of Zot from the depths?
Press ? for a list of commands and other information.
Found 5 gold pieces, 2 red potions and 9 poisoned darts.
Found a staircase leading out of the dungeon.
Found 11 stones and a scroll labeled BYJ FYIDWENOBB.
a - 2 red potions
Found a dagger.
You now have 5 gold pieces.
There is a fountain of clear blue water here.
b - 41 stones (gained 11)
d - a scroll labeled BYJ FYIDWENOBB You see here 9 poisoned darts.
e - 9 poisoned darts As you open the door, it creaks loudly!
There is an open door here.
A rat comes into view.
Found a stone staircase leading down.
Casting: Sandblast (safe; 8% risk of failure)
Confirm with . or Enter, or press ? or * to list all spells.
Aiming: Sandblast (safe; 8% risk of failure)
Press: ? - help, Shift-Dir - straight line, f - rat
Aim: a rat (wandering, hasn't noticed you)
The blast of sand hits the rat.
You kill the rat!
b - 40 stones
Found a stone staircase leading down.
There is a stone staircase leading down here.
(D) Dungeon
Where to? (? - help)
You climb downwards.
Found a stone staircase leading up.
There is a stone staircase leading up here.
Found a stone staircase leading down.
There is a stone staircase leading up here.
There is a stone staircase leading down here.
Found 6 gold pieces.
Found a snail-covered altar of Cheibriados.
You now have 11 gold pieces (gained 6). 2 gnolls come into view.
Found 11 gold pieces.
A gnoll comes into view. It is wielding a +0 spear.
The gnoll shouts!
Found a scroll labeled QOIDAMP XACUF and 2 coppery potions.
Casting: Sandblast (safe; 8% risk of failure)
Confirm with . or Enter, or press ? or * to list all spells.
Aiming: Sandblast (safe; 8% risk of failure)
Press: ? - help, Shift-Dir - straight line, f - gnoll
Aim: a gnoll The blast of sand hits the gnoll but does no damage.
b - 39 stones The gnoll shouts!
Casting: Sandblast (safe; 8% risk of failure)
Confirm with . or Enter, or press ? or * to list all spells.
Aiming: Sandblast (safe; 8% risk of failure)
Press: ? - help, Shift-Dir - straight line, f/p - gnoll
Aim: a gnoll The blast of sand hits the gnoll.
The gnoll is moderately wounded.
b - 38 stones
Casting: Sandblast (safe; 8% risk of failure)
Confirm with . or Enter, or press ? or * to list all spells.
Aiming: Sandblast (safe; 8% risk of failure)
Press: ? - help, Shift-Dir - straight line, f/p - gnoll
Aim: a gnoll (moderately wounded)
The blast of sand hits the gnoll.
The gnoll is severely wounded.
b - 37 stones The gnoll barely misses you.
The gnoll closely misses you.
Casting: Sandblast (safe; 8% risk of failure)
Confirm with . or Enter, or press ? or * to list all spells.
Aiming: Sandblast (safe; 8% risk of failure)
Press: ? - help, Shift-Dir - straight line, f/p - gnoll
Aim: a gnoll (heavily wounded)
The blast of sand hits the gnoll but does no damage.
The gnoll is heavily wounded.
b - 36 stones The gnoll closely misses you.
There is a stone staircase leading up here.
There is a stone staircase leading down here.
A gnoll comes into view.
The gnoll completely misses you. The gnoll hits you!
Ouch! That really hurt!
* * * LOW HITPOINT WARNING * * *
Unknown command.
The gnoll misses you.
There is a stone staircase leading up here.
The gnoll hits you.
Ouch! That really hurt!
You die...

#.# #.#
#.#####.#
#.......#
#####..## #..#
########..#
#.g.gg.g..#
####@#######.#
#..........>.#
#<##.#########
#.##.# #.##.#
#.##.# .....#
######


You could see 4 gnolls.

Vanquished Creatures
  A rat (D:1)
1 creature vanquished.

Notes
Turn   | Place    | Note
-------+----------+-------------------------------------------
     0 | D:1      | EnegeticOcto the Halfling Earth Elementalist began the
                  | quest for the Orb.
     0 | D:1      | Reached XP level 1. HP: 11/11 MP: 3/3
    65 | D:2      | Found a snail-covered altar of Cheibriados.
   103 | D:2      | Slain by a gnoll

Illustrated notes

Levels and vault maps discovered:
D:1:      dpeg_arrival_water_temple_mockup, layout_basic
D:2:      layout_loops_ring, nicolae_overflow_crystal_walls, elyvilon_altar_3,
          minmay_tromino_i2, uniq_robin, uniq_terence, uniq_natasha

Action                   || total
-------------------------++-------
 Cast: Sandblast         ||     5
Dodge: Dodged            ||     5

Table legend: (Time is in decaauts)
 A = Elapsed time spent in this place.
 B = Non-inter-level travel time spent in this place.
 C = Inter-level travel time spent in this place.
 D = Time resting spent in this place.
 E = Time spent auto-exploring this place.
 F = Levels seen in this place.
 G = Mean time per level.
                   A        B        C        D        E       F      G
               +--------+--------+--------+--------+--------+-----+--------+
         Total |    102 |    101 |      1 |      0 |      0 |   2 |   51.0 |
       Dungeon |    102 |    101 |      1 |      0 |      0 |   2 |   51.0 |
               +--------+--------+--------+--------+--------+-----+--------+

Top non-repeatable levels by time:
     D:2: 55 daAuts
     D:1: 47 daAuts
